 Dungeon Crawl Stone Soup version 0.29.1-1-gd02db69 (webtiles) character file.

Game seed: 8242929996959171350

158 Timinator the Insei (level 4, -3/54 HPs)
             Began as a Demigod Transmuter on Dec 19, 2022.
             Killed from afar by an orc wizard (8 damage)
             ... with a puff of flame
             ... on level 3 of the Dungeon.
             The game lasted 00:07:32 (2705 turns).

Timinator the Insei (Demigod Transmuter)            Turns: 2705, Time: 00:07:33

Health: -3/54      AC: 22    Str: 11    XL:     4   Next: 94%
Magic:  10/10      EV:  2    Int: 15    God:
Gold:   78         SH:  0    Dex: 18    Spells: 4/7 levels left

rFire   . . .      SeeInvis .     - Unarmed
rCold   . . .      Faith    .   (no shield)
rNeg    . . .      Spirit   .   (body armour currently unavailable)
rPois   +          Reflect  .   (helmet currently unavailable)
rElec   .          Harm     .   (cloak currently unavailable)
rCorr   .          Rampage  .   (gloves currently unavailable)
Will    .....      NoTele   +   (boots currently unavailable)
Stlth   +.........              (no amulet)
HPRegen 0.18/turn               (no ring)
MPRegen 0.12/turn               (no ring)

@: confused, tree-form
A: stationary, stasis, torment immunity, boosted hp, high MP 1, forlorn, divine
attributes
a: no special abilities


You were on level 3 of the Dungeon.
You were a tree.
You visited 1 branch of the dungeon, and saw 3 of its levels.

You collected 78 gold pieces.

Inventory:

Missiles
 c - 4 poisoned darts
 f - 3 javelins
Armour
 a - a +0 robe (melded)
Scrolls
 d - a scroll of summoning {unknown}
 e - 4 scrolls of identify {unknown}
 g - a scroll of noise {unknown}
 h - a scroll of torment {unknown}
 k - 2 scrolls of vulnerability {unknown}
 l - a scroll of amnesia {unknown}
Potions
 b - a potion of lignification
 i - a potion of attraction {unknown}
 j - a potion of curing {unknown}


   Skills:
 * Level 1.7 Fighting
 * Level 1.1 Armour
 * Level 2.8 Dodging
 + Level 0.4 Stealth
 + Level 3.3 Unarmed Combat
 + Level 2.3 Spellcasting
 * Level 2.5 Transmutations


You had 4 spell levels left.
You knew the following spells:

 Your Spells              Type           Power      Damage    Failure   Level
a - Beastly Appendage     Tmut           18%        N/A       8%          1
b - Wereblood             Tmut           9%         N/A       12%         2

Your spell library contained the following spells:

 Spells                   Type           Power      Damage    Failure   Level
 Foxfire                  Conj/Fire      4%         2x1d4     22%         1
 Scorch                   Fire           2%         2d5       32%         2
 Spider Form              Tmut/Pois      5%         N/A       36%         3
 Conjure Flame            Conj/Fire      1%         6-21      54%         3
 Inner Flame              Hex/Fire       1%         N/A       54%         3
 Ice Form                 Ice/Tmut       5%         N/A       77%         4
 Flame Wave               Conj/Fire      1%         2d4       91%         4
 Summon Cactus Giant      Summ           0%         N/A       100%        6


Dungeon Overview and Level Annotations

Branches:
Dungeon (3/15)

Shops:
D:1 ?


Innate Abilities, Weirdness & Mutations

You are a tree.
Your roots penetrate the ground, keeping you stationary.
You cannot be teleported.
You are immune to unholy pain and torment.
Your maximum health is greatly increased.
Your equipment is partially melded.
You have an increased reservoir of magic. (+10% MP)
You shall have no god before yourself.
Your divine heritage dramatically boosts your attributes as you level up.


Message History

You kill the orc!
The adder bites you but does no damage.
You hear some strange, mumbled words.
A magic dart appears from out of thin air!
The magic dart hits you but does no damage.
Unknown command.
You cannot move.
You smack the adder!
The adder is severely wounded.
The adder bites you but does no damage. Something hits you.
* * * LOW HITPOINT WARNING * * *
The adder bites you.
* * * LOW HITPOINT WARNING * * *
You smack the adder!
You kill the adder!
You hear some strange, mumbled words.
You are confused.
You nearly hit yourself!
Something hits you but does no damage.
You miss something. Something hits you but does no damage.
You swing at nothing.
Something hits you but does no damage.
You swing at nothing.
You swing at nothing.
You hear some strange, mumbled words.
You are more confused.
You swing at nothing.
An orc wizard appears from thin air!
Reactivating autopickup.
The orc wizard gestures at you while chanting.
You resist with some effort.
You barely miss the orc wizard.
The orc wizard is severely wounded.
The orc wizard hits you but does no damage.
You nearly hit yourself!
The orc wizard hits you but does no damage.
You nearly hit yourself!
The orc wizard hits you but does no damage.
You miss the orc wizard.
The orc wizard is severely wounded.
The orc wizard points at you and mumbles some strange words.
The puff of flame hits you!
You die...

..........#
.........#
........#
...... ##.
##..#
#..#####...#
.......<.#.#
......)o)#.#
.......♣)#.#
......†.†#.#
.........#.#
.........#{#
...........#
...#####).###
... #.......#
...##.......#
.......o†...#


You could see an orc wizard.

Vanquished Creatures
  An orc priest (D:3)
  An orc wizard (D:3)
  4 adders
  3 dart slugs
  2 orcs (D:3)
  6 ball pythons
  5 bats
  7 endoplasms
  A giant cockroach (D:3)
  4 goblins
  7 hobgoblins
  5 jackals (D:1)
  A quokka (D:2)
  A frilled lizard (D:1)
  4 kobolds
  5 rats
57 creatures vanquished.

Notes
Turn   | Place    | Note
-------+----------+-------------------------------------------
     0 | D:1      | Timinator the Demigod Transmuter began the quest for the
                  | Orb.
     0 | D:1      | Reached XP level 1. HP: 15/15 MP: 5/5
   201 | D:1      | Reached XP level 2. HP: 14/22 MP: 7/7
   437 | D:1      | Found Ahan's Magic Scroll Boutique.
   568 | D:1      | Reached skill level 1 in Fighting
   881 | D:1      | Reached skill level 3 in Unarmed Combat
   904 | D:1      | Learned a level 2 spell: Wereblood
  1378 | D:1      | Reached XP level 3. HP: 26/28 MP: 6/8
  2030 | D:2      | Identified the +0 ring mail of Mezcal {rPois rC- rN+++
                  | Regen+}
  2590 | D:3      | Reached XP level 4. HP: 31/35 MP: 4/9
  2690 | D:3      | Reached skill level 1 in Armour
  2705 | D:3      | Killed from afar by an orc wizard

Illustrated notes

Levels and vault maps discovered:
D:1:      evilmike_arrival_plus, layout_basic, serial_shops,
          nicolae_shop_advertising_works [nicolae_subvault_shop_adworks],
          minmay_misc_feat_iff, minmay_tetromino_t2
D:2:      layout_loops_ring, mrwooster_statue_mirror
D:3:      layout_rooms, regret_index_temple_of_mockery

Skill      XL: |  1  2  3  4 |
---------------+-------------+-----
Dodging        | 2 |  2.8
Fighting       | 1 |  1.7
Unarmed Combat | 3 |  3.3
Transmutations | 2 |  2.5
Spellcasting   | 2 |  2.3
Armour         | 1 |  1.1
Stealth        | |  0.4

Action                   |  1- 3 |  4- 6 || total
-------------------------+-------+-------++-------
Melee: Unarmed           |   124 |    30 ||   154
       Kick              |    18 |     4 ||    22
       Headbutt          |    13 |     3 ||    16
 Cast: Beastly Appendage |    29 |     3 ||    32
       Wereblood         |     2 |     1 ||     3
  Use: Potion            |       |     1 ||     1
 Stab: Sleeping          |     3 |       ||     3
Armor: Robe              |    21 |     5 ||    26
       Skin              |       |    38 ||    38
Dodge: Dodged            |    90 |    12 ||   102
